 Dungeon Crawl Stone Soup version 0.30.0-10-gfe55d96785 (webtiles) character file.

Game seed: 8946962182758973672

625 ChrisAssaf the Sneak (level 7, -5/76 HPs)
             Began as a Human Brigand on May 15, 2023.
             Was a Believer of Uskayaw.
             Slain by an ice beast (11 damage)
             ... on level 6 of the Dungeon.
             The game lasted 00:12:52 (3833 turns).

ChrisAssaf the Sneak (Human Brigand)                Turns: 3833, Time: 00:12:53

Health: -5/76      AC: 23    Str:  9 (12) XL:     7   Next: 76%
Magic:  9/9        EV:  2    Int: 11 (13) God:    Uskayaw [**....]
Gold:   290        SH:  0    Dex: 11 (14) Spells: 6/8 levels left

rFire   . . .        a - +2 dagger
rCold   . . .        (no shield)
rNeg    . . .        d - melded +1 robe {rF+}
rPois   +            (helmet currently unavailable)
rElec   .            c - melded +0 cloak
rCorr   .            (gloves currently unavailable)
SInv    +            (boots currently unavailable)
Will    .....        (no amulet)
Stlth   +++          f - ring of see invisible
HPRegen 0.32/turn    o - ring of poison resistance
MPRegen 0.11/turn

%: no passive effects
@: tree-form, hasted, very quick
A: stationary, stasis, torment immunity, boosted hp, (talons 1), (iridescent
scales 1), (fire resistance 1), wild magic 1
a: Renounce Religion, Stomp, Line Pass


You were on level 6 of the Dungeon.
You worshipped Uskayaw.
Uskayaw was noncommittal.
You were a tree.
You visited 1 branch of the dungeon, and saw 6 of its levels.

You collected 290 gold pieces.

Inventory:

Hand Weapons
 a - a +2 dagger (weapon)
Missiles
 e - 8 curare-tipped darts
 t - 4 javelins (quivered)
Armour
 b - a +0 robe
 c - a +0 cloak (melded)
 d - a +1 robe of fire resistance (melded)
Jewellery
 f - a ring of see invisible (left branch)
 o - a ring of poison resistance (right branch)
 s - a ring of protection from fire
Scrolls
 g - 2 scrolls of teleportation
 h - a scroll of enchant armour {unknown}
 l - a scroll of fog
 p - a scroll of noise {unknown}
 q - a scroll of torment {unknown}
Potions
 i - a potion of degeneration
 k - a potion of resistance {unknown}
 m - a potion of might {unknown}
 u - a potion of lignification
 v - a potion of heal wounds {unknown}


   Skills:
 * Level 2.9 Fighting
 * Level 3.7(4.0) Short Blades
 * Level 2.1(3.2) Long Blades
 * Level 3.0 Throwing
 * Level 2.0 Armour
 * Level 2.6 Dodging
 * Level 6.0 Stealth
 * Level 1.4 Spellcasting
 * Level 0.4 Invocations


You had 6 spell levels left.
You knew the following spells:

 Your Spells              Type           Power      Damage    Failure   Level
a - Poisonous Vapours     Pois/Air       2%         N/A       52%         2

Your spell library contained the following spells:

 Spells                   Type           Power      Damage    Failure   Level
 Sting                    Tmut/Pois      4%         1d3       38%         1
 Olgreb's Toxic Radiance  Pois           1%         N/A       98%         4
 Summon Forest            Summ/Tloc      0%         N/A       100%        5
 Eringya's Noxious Bog    Tmut/Pois      0%         N/A       100%        6
 Summon Hydra             Summ           0%         N/A       100%        7


Dungeon Overview and Level Annotations

Branches:
Dungeon (6/15)
 Temple: D:4-7

Altars:
Qazlal
Uskayaw

Annotations:
D:4 2 transporters


Innate Abilities, Weirdness & Mutations

You are a tree.
Your roots penetrate the ground, keeping you stationary.
You cannot be teleported.
You are immune to unholy pain and torment.
Your maximum health is greatly increased.
Your equipment is partially melded.
((You have sharp toenails.))
((You are partially covered in iridescent scales. (AC +2)))
((Your flesh is heat resistant. (rF+)))
Your spells are a little harder to cast, but a little more powerful.


Message History

The steam dragon barely misses you. x2
The shadow imp hits you but does no damage.
The ice beast hits you but does no damage.
Unknown command.
You feel better.
The steam dragon bites you but does no damage.
The steam dragon claws you but does no damage.
The shadow imp hits you but does no damage.
The ice beast hits you but does no damage.
You feel better.
The steam dragon bites you but does no damage.
The steam dragon barely misses you. The shadow imp hits you.
* * * LOW HITPOINT WARNING * * *
The ice beast hits you but does no damage.
It was a potion of degeneration.
There was something very wrong with that liquid.
You feel weakened.
You feel dopey.
You feel clumsy.
The steam dragon bites you but does no damage.
The steam dragon claws you but does no damage.
The shadow imp barely misses you.
The ice beast hits you but does no damage.
It was a potion of haste.
You feel yourself speed up.
The steam dragon bites you but does no damage.
The steam dragon claws you but does no damage.
The shadow imp shouts, "Bolt, thou vain hasty-witted swadder!"
The shadow imp hits you.
* * * LOW HITPOINT WARNING * * *
The ice beast hits you but does no damage.
You hit the steam dragon but do no damage.
The steam dragon is moderately wounded.
You hit the steam dragon but do no damage.
The steam dragon is moderately wounded.
The shadow imp hits you but does no damage.
The steam dragon breathes steam at you. The ball of steam hits you!
* * * LOW HITPOINT WARNING * * *
The ice beast hits you.
* * * LOW HITPOINT WARNING * * *
The ice beast freezes you!
You die...

#............# #.
#.............
#.............
.#####............#
........#######+###
..............#
.......§......#
.......§Y.....#
.......♣†$....#
.......D5.....#
...............
##[.........?..
###.#.###..... #+#.
.$... .. ..... ..
####


You could see a steam dragon (catching breath), an ice beast and a shadow imp.

Vanquished Creatures
  A water moccasin (D:6)
  3 scorpions
  An orc priest (D:6)
  A hound (D:5)
  A jelly (D:4)
  Ijyb (D:3)
  2 iguanas (D:6)
  2 orc wizards
  3 adders
  A gnoll (D:1)
  2 worms (D:2)
  4 dart slugs
  6 orcs
  7 bats
  5 endoplasms
  A giant cockroach (D:1)
  9 goblins
  3 hobgoblins
  3 jackals (D:2)
  5 quokkas
  5 ball pythons
  2 frilled lizards
  10 kobolds
  9 rats
87 creatures vanquished.

Notes
Turn   | Place    | Note
-------+----------+-------------------------------------------
     0 | D:1      | ChrisAssaf the Human Brigand began the quest for the Orb.
     0 | D:1      | Reached XP level 1. HP: 16/16 MP: 1/1
    48 | D:1      | Reached XP level 2. HP: 22/22 MP: 2/2
   160 | D:1      | Reached XP level 3. HP: 25/27 MP: 3/3
   637 | D:2      | Reached XP level 4. HP: 14/33 MP: 4/4
   982 | D:3      | Noticed Ijyb
  1036 | D:3      | Gained mutation: Your flesh is heat resistant. (rF+)
                  | [potion of mutation]
  1036 | D:3      | Gained mutation: You are partially covered in iridescent
                  | scales. (AC +2) [potion of mutation]
  1036 | D:3      | Gained mutation: You have sharp toenails. [potion of
                  | mutation]
  1036 | D:3      | Gained mutation: Your spells are a little harder to cast,
                  | but a little more powerful. [potion of mutation]
  1045 | D:3      | Killed Ijyb
  1046 | D:3      | Reached skill level 1 in Long Blades
  1230 | D:3      | Found a hide-covered altar of Uskayaw.
  1311 | D:3      | Became a worshipper of Uskayaw the Reveller
  1538 | D:3      | Reached * piety under Uskayaw
  1725 | D:3      | Reached XP level 5. HP: 38/38 MP: 5/5
  1728 | D:3      | Reached skill level 1 in Armour
  1731 | D:3      | Reached ** piety under Uskayaw
  2215 | D:2      | Reached skill level 5 in Stealth
  2801 | D:1      | Found a faded altar of an unknown god.
  2975 | D:4      | Reached *** piety under Uskayaw
  2976 | D:4      | Reached XP level 6. HP: 17/45 MP: 5/7
  3179 | D:4      | Found a transporter.
  3185 | D:4      | Noticed a kobold demonologist
  3186 | D:4      | Reached skill level 1 in Spellcasting
  3196 | D:4      | Found a transporter.
  3338 | D:5      | Entered Level 5 of the Dungeon
  3410 | D:5      | Found a stormy altar of Qazlal.
  3419 | D:5      | Reached XP level 7. HP: 46/51 MP: 8/8
  3655 | D:6      | Noticed a water moccasin
  3701 | D:6      | Killed a water moccasin
  3702 | D:6      | Reached skill level 6 in Stealth
  3733 | D:6      | Learned a level 2 spell: Poisonous Vapours
  3805 | D:6      | Noticed a steam dragon
  3833 | D:6      | Slain by an ice beast

Illustrated notes

Levels and vault maps discovered:
D:1:      lightli_arrival_statuegarden, layout_rooms,
          shapermc_ecumenical_altar_pompeii
D:2:      layout_loops_corners
D:3:      kennysheep_the_goblin_king, layout_basic,
          mainiacjoe_overflow_alcove_2, lexackson_kobold_supper, uniq_ijyb
D:4:      gammafunk_wand_slinger, layout_gridville, cheibrodos_worm_habitat,
          minivault_19
D:5:      layout_loops_corners, lemuel_tele_altar
D:6:      layout_basic, grunt_temple_overflow_gold_and_silver

Skill      XL: |  1  2  3  4  5  6  7 |
---------------+----------------------+-----
Long Blades    | 1 2 |  2.1
Armour         | 1 2 |  2.0
Stealth        | 5 6 |  6.0
Dodging        | 2 |  2.6
Spellcasting   | 1 |  1.4
Short Blades   | 3 |  3.7
Throwing       | 3 |  3.0
Fighting       | |  2.9
Invocations    | |  0.4

Action                     |  1- 3 |  4- 6 |  7- 9 || total
---------------------------+-------+-------+-------++-------
  Melee: Dagger            |    80 |   185 |    71 ||   336
         Kick              |       |    36 |    18 ||    54
         Punch             |       |     1 |       ||     1
  Throw: Dart              |    19 |     4 |       ||    23
         Javelin           |       |     8 |     4 ||    12
 Invoke: Stomp             |       |     2 |     1 ||     3
         Line Pass         |       |     1 |       ||     1
    Use: Scroll            |       |     3 |     1 ||     4
         Potion            |       |     2 |     6 ||     8
   Stab: Sleeping          |     3 |    12 |       ||    15
         Paralysed         |       |       |     2 ||     2
 Armour: Robe              |    17 |    67 |    10 ||    94
         Skin              |       |       |    52 ||    52
  Dodge: Dodged            |    40 |    93 |    42 ||   175
